 Dungeon Crawl Stone Soup version 0.28-a0-390-gb254ac4902 (webtiles) character file.

Game seed: 15505053453686380995

109 omnomnOMINOUS the Skirmisher (level 4, -2/46 HPs)
             Began as an Octopode Wanderer on Sept 3, 2021.
             Was a Believer of Fedhas.
             Slain by Ijyb (4 damage)
             ... on level 4 of the Dungeon.
             The game lasted 00:05:45 (3018 turns).

omnomnOMINOUS the Skirmisher (Octopode Wanderer)    Turns: 3018, Time: 00:05:46

Health: -2/46      AC: 22    Str: 11    XL:     4   Next: 89%
Magic:  6/6        EV:  2    Int: 16    God:    Fedhas [**....]
Gold:   145        SH:  0    Dex: 10    Spells: 5/6 levels left

rFire   . . .      SeeInvis .   a - +0 spear
rCold   . . .      Faith    .   (no shield)
rNeg    + + +      Spirit   .   (helmet currently unavailable)
rPois   +          Reflect  .   f - amulet of magic regeneration
rElec   .          Harm     .   (no ring)
rCorr   .          Rampage  .   (no ring)
Will    .....      NoTele   +   (no ring)
Stlth   +.........              (no ring)
HPRegen 0.15/turn               (no ring)
MPRegen 0.35/turn               (no ring)
                                (no ring)
                                (no ring)

@: brilliant, tree-form
A: stationary, stasis, torment immunity, boosted hp, almost no armour,
(amphibious), 8 rings, (camouflage 1), (gelatinous body 1), (nimble swimmer 1),
(tentacles)
a: Renounce Religion, Wall of Briars


You were on level 4 of the Dungeon.
You worshipped Fedhas.
Fedhas was pleased with you.
You were a tree.
You visited 1 branch of the dungeon, and saw 4 of its levels.

You collected 145 gold pieces.

Inventory:

Hand Weapons
 a - a +0 spear (weapon)
 b - a +2 dagger of venom
Jewellery
 f - an amulet of magic regeneration (around neck)
Wands
 i - a wand of acid (7)
Scrolls
 c - 4 scrolls of identify {unknown}
 d - a scroll of vulnerability {unknown}
 e - 2 scrolls of magic mapping {unknown}
 h - a scroll of fear {unknown}
 j - 2 scrolls of teleportation {unknown}
 l - a scroll of silence {unknown}
 m - a scroll of noise {unknown}


   Skills:
 + Level 3.4 Fighting
 - Level 1.0 Polearms
 + Level 3.4 Dodging
 - Level 1.3 Stealth
 - Level 1.0 Shields
 * Level 1.9 Spellcasting
 - Level 3.0 Fire Magic


You had 5 spell levels left.
You knew the following spells:

 Your Spells              Type           Power      Damage    Failure   Level
a - Foxfire               Conj/Fire      36%        2x1d5     12%         1

Your spell library contained the following spells:

 Spells                   Type           Power      Damage    Failure   Level
 Scorch                   Fire           32%        2d6       10%         2
 Animate Skeleton         Necr           4%         N/A       22%         1
 Pain                     Necr           8%         1d4       22%         1
 Conjure Flame            Conj/Fire      9%         6-21      34%         3
 Inner Flame              Hex/Fire       9%         N/A       34%         3
 Vampiric Draining        Necr           1%         2d6       54%         3
 Flame Wave               Conj/Fire      9%         3d4       75%         4


Dungeon Overview and Level Annotations

Branches:
Dungeon (4/15)
 Temple: D:4-7

Altars:
Fedhas
Uskayaw

Annotations:
D:4 Ijyb


Innate Abilities, Weirdness & Mutations

You are a tree.
Your roots penetrate the ground, keeping you stationary.
You cannot be teleported.
You are immune to unholy pain and torment.
Your maximum health is greatly increased.
You cannot wear most types of armour.
((You are amphibious.))
You can wear up to eight rings at the same time.
((Your skin changes colour to match your surroundings (Stealth+).))
((Your rubbery body absorbs attacks. (AC +1, EV +1)))
((You are camouflaged near water. (Stealth+)))
((You have tentacles for arms and can constrict up to eight enemies at once.))


Message History

* * * LOW HITPOINT WARNING * * *
It was a potion of brilliance.
You feel clever all of a sudden. Ijyb closely misses you.
You closely miss Ijyb.
Ijyb is heavily wounded.
Ijyb barely misses you.
You barely miss Ijyb.
Ijyb is heavily wounded.
Ijyb hits you with a +0 dagger.
* * * LOW HITPOINT WARNING * * *
You see here a +0 short sword.
Your transformation has ended.
Your +0 spear unmelds from your body.
Really quaff the potion of lignification?
You turn into a tree.
Your roots penetrate the ground.
Unknown command.
You hit Ijyb.
Ijyb is heavily wounded.
Ijyb zaps a wand.
You resist with some effort.
You closely miss Ijyb.
Ijyb is heavily wounded.
Ijyb hits you but does no damage.
You barely miss Ijyb.
Ijyb is heavily wounded.
Ijyb zaps a wand.
You hit Ijyb but do no damage.
Ijyb is heavily wounded.
Ijyb hits you but does no damage.
Ijyb zaps a wand.
The now-empty wand crumbles to dust.
You hit Ijyb.
Ijyb is heavily wounded.
Ijyb screams, "I dance on your bones!" Ijyb hits you with a +0 dagger.
* * * LOW HITPOINT WARNING * * *
You closely miss Ijyb.
Ijyb is heavily wounded.
Ijyb hits you with a +0 dagger.
You die...
Fedhas appreciates your contribution to the ecosystem.

#####
#...######
#.<.......
#.).######
########.##
#.....♣g.#
#.########


You could see Ijyb.

Vanquished Creatures
  5 adders
  2 worms
  A dart slug (D:3)
  5 bats
  4 endoplasms
  2 giant cockroaches
  5 hobgoblins
  4 jackals (D:1)
  A quokka (D:1)
  5 ball pythons
  2 frilled lizards
  7 goblins
  6 kobolds
  5 rats
54 creatures vanquished.

Vanquished Creatures (others)
  2 plants (D:1)
2 creatures vanquished.

Grand Total: 56 creatures vanquished

Notes
Turn   | Place    | Note
-------+----------+-------------------------------------------
     0 | D:1      | omnomnOMINOUS the Octopode Wanderer began the quest for the
                  | Orb.
     0 | D:1      | omnomnOMINOUS set off with the following items: a +0 spear,
                  | a potion of lignification; and the following spell
                  | memorised: Foxfire; and the following spells available to
                  | memorise: Scorch, Conjure Flame, Inner Flame, Flame Wave
     0 | D:1      | Reached XP level 1. HP: 16/16 MP: 1/1
    97 | D:1      | Reached XP level 2. HP: 21/21 MP: 2/2
   279 | D:1      | Found a faded altar of an unknown god.
   285 | D:1      | Became a worshipper of Fedhas Madash
   285 | D:1      | Reached * piety under Fedhas
   857 | D:1      | Reached XP level 3. HP: 26/26 MP: 3/3
  1363 | D:2      | Reached skill level 1 in Spellcasting
  1545 | D:2      | Reached XP level 4. HP: 27/31 MP: 5/5
  2138 | D:3      | Found a hide-covered altar of Uskayaw.
  2156 | D:3      | Reached ** piety under Fedhas
  2981 | D:4      | Noticed Ijyb
  3007 | D:4      | HP: 1/31 [Ijyb (6)]
  3017 | D:4      | HP: 2/46 [Ijyb (1)]
  3018 | D:4      | Slain by Ijyb

Illustrated notes

Levels and vault maps discovered:
D:1:      minmay_arrival_up_and_down, layout_basic, basic_ecumenical_altar,
          serial_bayou, serial_bayou_pond_e, serial_bayou_lagoon_b,
          serial_bayou_pond_e, serial_bayou_ford_a
D:2:      layout_loops_cross, amethyst_killhole, minmay_pentomino_x2
D:3:      layout_rooms, amcnicky_altar_gilded, serial_aquarium,
          aquarium_bridge_long_joined [aquarium_subvault_wall,
          aquarium_subvault_window, aquarium_subvault_bridge,
          aquarium_subvault_balcony, aquarium_subvault_bridge,
          aquarium_subvault_balcony], aquarium_bridge_square
          [aquarium_subvault_bridge, aquarium_subvault_bridge,
          aquarium_subvault_window, aquarium_subvault_window],
          aquarium_window_3, aquarium_window_2, aquarium_view_2e,
          aquarium_pool_2
D:4:      layout_loops_ring, grunt_temple_overflow_champion_of_chaos,
          nicolae_wu_jian_immortal_techniques, uniq_ijyb

Skill      XL: |  1  2  3 |
---------------+----------+-----
Dodging        | 2 3 |  3.4
Spellcasting   | 1 |  1.9
Fighting       | |  3.4
Polearms       | |  1.0
Stealth        | |  1.3
Shields        | |  1.0
Fire Magic     | |  3.0

Action                   |  1- 3 |  4- 6 || total
-------------------------+-------+-------++-------
Melee: Spear             |    93 |    52 ||   145
       Constrict         |    17 |     8 ||    25
       Tentacles         |    13 |     5 ||    18
       Unarmed           |       |    22 ||    22
  Use: Potion            |       |     3 ||     3
 Stab: Sleeping          |     7 |     7 ||    14
Armor: Skin              |     5 |     5 ||    10
Dodge: Dodged            |    30 |    27 ||    57

Table legend: (Time is in decaauts)
 A = Elapsed time spent in this place.
 B = Non-inter-level travel time spent in this place.
 C = Inter-level travel time spent in this place.
 D = Time resting spent in this place.
 E = Time spent auto-exploring this place.
 F = Levels seen in this place.
 G = Mean time per level.
                   A        B        C        D        E       F      G
               +--------+--------+--------+--------+--------+-----+--------+
         Total |   3032 |   2960 |     72 |    739 |   1761 |   4 |  758.0 |
       Dungeon |   3032 |   2960 |     72 |    739 |   1761 |   4 |  758.0 |
               +--------+--------+--------+--------+--------+-----+--------+

Top non-repeatable levels by time:
     D:2: 1070 daAuts
     D:3: 1000 daAuts
     D:1: 927 daAuts
     D:4: 34 daAuts
